Workbook

Sheet Orçamento
C2: ESTADO DO RIO GRANDE DO SUL
C3: MUNICÍPIO DE IGREJINHA
C4: Secretaria de Planejamento e Meio Ambiente
B7: PLANILHA ORÇAMENTÁRIA
B8: Cliente: Município de Igrejinha-RS | H8: BDI | I8: 0.21
B9: Serviço: extensão de rede para iluminação pública | H9: SINAPI RS | I9: 46082
B10: Elaborado por: Alessandra Regina de Azambuja | H10: ORSE | I10: 46054
B11: Data: 13/05/2026
B13: MATERIAIS
B14: Referência | C14: Discriminação do Insumo | D14: Unid. | E14: Quant. | F14: Custo Unit. s/BDI | G14: Valor Unit. c/BDI | H14: Valor total s/BDI | I14: Valor total c/BDI
B15: Composição 1 | C15: ARMAÇÃO SECUNDÁRIA COM 1 ESTRIBO E 1 ISOLADOR - FORNECIMENTO E INSTALAÇÃO | D15: unid | E15: 150 | F15: 49.04 | G15: 59.65 | H15: =E15*F15 -> 7356 | I15: =E15*G15 -> 8947.5 | M15: 52.96
B16: Composição 2 | C16: HASTE DE ATERRAMENTO 3/4 PARA SPDA - FORNECIMENTO E INSTALAÇÃO | D16: unid | E16: 25 | F16: 231.67 | G16: 276.21 | H16: =E16*F16 -> 5791.75 | I16: =E16*G16 -> 6905.25 | M16: 455.47
B17: Composição 3 | C17: CABO DE COBRE NÚ 16mm2 MEIO DURO - FORNECIMENTO E INSTALAÇÃO | D17: m | E17: 500 | F17: 32.22 | G17: 46.4 | H17: =E17*F17 -> 16110 | I17: =E17*G17 -> 23200
B18: Composição 4 | C18: CINTA PARA POSTE CIRCULAR - FORNECIMENTO E INSTALAÇÃO | D18: unid | E18: 280 | F18: 47.12 | G18: 58.04 | H18: =E18*F18 -> 13193.6 | I18: =E18*G18 -> 16251.2
B19: Composição 5 | C19: CONECTOR PERFURANTE PARA CABO MULTIPLEXADO - FORNECIMENTO E INSTALAÇÃO | D19: unid | E19: 300 | F19: 24.58 | G19: 28.97 | H19: =E19*F19 -> 7374 | I19: =E19*G19 -> 8691
B20: Composição 6 | C20: LUMINÁRIA DE LED PARA ILUMINAÇÃO PÚBLICA COM POTÊNCIA MÁXIMA DE 150W, COM FLUXO LUMINOSO MÍNIMO DE 21.750 LUMENS, EFICIÊNCIA LUMINOSA MÍNIMA DE 145 LM/W, GARANTIA DE 5 ANOS CONTRA DEFEITO DE FABRICAÇÃO COM TECNOLOGIA LED SMD, TEMPERATURA DE COR 4000K - FORNECIMENTO E INSTALAÇÃO | D20: unid | E20: 150 | F20: 525.43 | G20: 867.43 | H20: =E20*F20 -> 78814.5 | I20: =E20*G20 -> 130114.5 | M20: 25
B21: Composição 7 | C21: RELÉ FOTOELÉTRICO 1000W - FORNECIMENTO E INSTALAÇÃO | D21: unid | E21: 150 | F21: 97.9 | G21: 109.64 | H21: =E21*F21 -> 14685 | I21: =E21*G21 -> 16446 | M21: 27.51
B22: Composição 8 | C22: CABO DE COBRE PP CORDPLAST 2x2,50mm2, 450/750V - FORNECIMENTO E INSTALAÇÃO | D22: m | E22: 700 | F22: 8.02 | G22: 13.9 | H22: =E22*F22 -> 5614 | I22: =E22*G22 -> 9730 | M22: ='[1]Orçamentos fora Sinapi'!S27 -> 0
B23: Composição 9 | C23: POSTE DE FIBRA DE VIDRO 10 METROS 300 DAN - FORNECIMENTO E INSTALAÇÃO | D23: unid | E23: 30 | F23: 3919.05 | G23: 4077.71 | H23: =E23*F23 -> 117571.5 | I23: =E23*G23 -> 122331.3 | M23: ='[1]Orçamentos fora Sinapi'!O168 -> 0
B24: Composição 10 | C24: ALÇA PREFORMADA DE DISTRIBUIÇÃO, EM AÇO GALVANIZADO, AWG 1 - FORNECIMENTO E INSTALAÇÃO | D24: unid | E24: 100 | F24: 18.17 | G24: 22.34 | H24: =E24*F24 -> 1817 | I24: =E24*G24 -> 2234
B25: Composição 11 | C25: CABO DE ALUMÍNIO 2X16mm2 MULTIPLEXADO - FORNECIMENTO E INSTALAÇÃO | D25: m | E25: 7500 | F25: 30.7 | G25: 26.52 | H25: =E25*F25 -> 230250 | I25: =E25*G25 -> 198900 | M25: 45.51
B26: Composição 12 | C26: CAIXA COMANDO - FORNECIMENTO E INSTALAÇÃO | D26: unid | E26: 15 | F26: 587.43 | G26: 462.85 | H26: =E26*F26 -> 8811.45 | I26: =E26*G26 -> 6942.75 | M26: 12.47
B27: Composição 13 | C27: DISPOSITIVO RELÉ DE TELEGESTÃO PARA CONTROLE REMOTO DE LUMINÁRIAS DE ILUMINAÇÃO PÚBLICA, COM COORDENADORES/GATEWAYS INCLUSOS, HOMOLOGADO PELA ANATEL - FORNECIMENTO E INSTALAÇÃO | D27: unid | E27: 300 | F27: 621.15 | G27: 755.86 | H27: =E27*F27 -> 186345 | I27: =E27*G27 -> 226758 | M27: 22.21
B28: Composição 14 | C28: LUMINÁRIA LED SOLAR INTEGRADA PARA POSTE, COM SUPORTE PARA FIXAÇÃO - FORNECIMENTO E INSTALAÇÃO | D28: unid | E28: 50 | F28: 7710.94 | G28: 9340.89 | H28: =E28*F28 -> 385547 | I28: =E28*G28 -> 467044.5 | M28: 26.49
B29: Composição 15 | C29: POSTE DE CONCRETO ARMADO DE SEÇÃO DUPLO T, EXTENSÃO DE 9,00m, RESISTÊNCIA DE 150 DAN - FORNECIMENTO E INSTALAÇÃO | D29: unid | E29: 80 | F29: 1363.24 | G29: 1685.02 | H29: =E29*F29 -> 109059.2 | I29: =E29*G29 -> 134801.6 | M29: 163.35
B30: Composição 16 | C30: BRAÇO CURVO EM AÇO GALVANIZADO A FOGO, COM SAPATA DE 48x3000mm - FORNECIMENTO E INSTALAÇÃO | D30: unid | E30: 150 | F30: 539.51 | G30: 673.34 | H30: =E30*F30 -> 80926.5 | I30: =E30*G30 -> 101001 | M30: 163.35
C31: TOTAL | H31: =SUM(H15:H30) -> 1269266.5 | I31: =SUM(I15:I30) -> 1480298.6
C37: Igrejinha, 09 de abril de 2026.
C41: Willian da Silva Procksch | D41: Alessandra Regina de Azambuja
C42: Secretário de Planejamento e Meio Ambiente | D42: Téc. Eletr. 660.453.800-10

Sheet Cronograma
B1: CRONOGRAMA FÍSICO-FINANCEIRO
B2: =Orçamento!D2 -> 0
B3: MUNICÍPIO DE IGREJINHA
B4: =Orçamento!D5 -> 0
A5: ETAPAS DE 30 DIAS (Mensais)
A6: COD. | B6: DISCRIMINAÇÃO | C6: PREÇO | D6: Etapa 01 | E6: Etapa 02 | F6: Etapa 03
A8: 1 | B8: =Orçamento!D12 -> 0 | C8: =Orçamento!J20 -> 0 | D8: =Orçamento!J13+(Orçamento!J14/3) -> 0 | E8: =(Orçamento!J14/3)+(Orçamento!J18/2)+Orçamento!J19/2 -> 0 | F8: =C8-D8-E8 -> 0
D9: =D8/$C$8 -> #DIV/0! | E9: =E8/$C$8 -> #DIV/0! | F9: =F8/$C$8 -> #DIV/0!
A10: 2 | B10: =Orçamento!D21 -> unid | C10: =Orçamento!J27 -> 0 | D10: 0 | E10: =C10/2 -> 0 | F10: =C10-E10 -> 0
D11: =D10/$C$10 -> #DIV/0! | E11: =E10/$C$10 -> #DIV/0! | F11: =F10/$C$10 -> #DIV/0!
A12: 3 | B12: =Orçamento!D28 -> unid | C12: =Orçamento!J33 -> 0 | D12: =Orçamento!J33 -> 0 | E12: =C12-D12 -> 0
D13: =D12/$C$12 -> #DIV/0! | E13: =E12/$C$12 -> #DIV/0! | F13: =F12/$C$12 -> #DIV/0!
A14: 4 | B14: =Orçamento!D34 -> 0 | C14: =Orçamento!J39 -> 0 | D14: =Orçamento!J35 -> 0 | E14: =Orçamento!#REF!*0.8 -> #REF! | F14: =C14-D14-E14 -> #REF!
D15: =D14/$C$14 -> #DIV/0! | E15: =E14/$C$14 -> #REF! | F15: =F14/$C$14 -> #REF!
A16: 5 | B16: =Orçamento!D40 -> 0 | C16: =Orçamento!J45 -> 0 | F16: =Orçamento!J45 -> 0
D17: =D16/$C$16 -> #DIV/0! | E17: =E16/$C$16 -> #DIV/0! | F17: =F16/$C$16 -> #DIV/0!
A18: 6 | B18: =Orçamento!D46 -> 0 | C18: =Orçamento!J51 -> 0 | D18: 0 | E18: =Orçamento!J51/2 -> 0 | F18: =C18-D18-E18 -> 0
D19: =D18/$C$18 -> #DIV/0! | E19: =E18/$C$18 -> #DIV/0! | F19: =F18/$C$18 -> #DIV/0!
A20: 7 | B20: =Orçamento!D52 -> 0 | C20: =Orçamento!J57 -> 0 | F20: =C20 -> 0
D21: =D20/$C$20 -> #DIV/0! | E21: =E20/$C$20 -> #DIV/0! | F21: =F20/$C$20 -> #DIV/0!
A22: 8 | B22: =Orçamento!D58 -> 0 | C22: =Orçamento!J61 -> 0 | D22: 0 | E22: 0 | F22: =C22 -> 0
D23: =D22/$C$22 -> #DIV/0! | E23: =E22/$C$22 -> #DIV/0! | F23: =F22/$C$22 -> #DIV/0!
B25: PREÇO GLOBAL (R$) | C25: =SUM(C8:C23) -> 0 | D25: =D10+D12+D14+D16+D18+D20+D22+D8 -> 0 | E25: =E10+E12+E14+E16+E18+E20+E22+E8 -> #REF! | F25: =F10+F12+F14+F16+F18+F20+F22+F8 -> #REF!
B27: PERCENTAGENS (%) | C27: =SUM(D25:F25)/$C$25 -> #REF! | D27: =D$25/$C$25 -> #DIV/0! | E27: =E$25/$C$25 -> #REF! | F27: =F$25/$C$25 -> #REF!
A29: Igrejinha, 19 de fevereiro de 2026
C30: Leandro Marciano Horlle | E30: Emerson C. Buchmann
C31: Prefeito Municipal | E31: Eng. Civil - CREA RS 126796

Sheet Composições
D1: PLANILHA ORÇAMENTÁRIA ESTIMATIVA
D2: MATERIAL E MÃO DE OBRA PARA INSTALAÇÃO DE POSTES COM ILUMINAÇÃO PÚBLICA EM RUAS E ESTRADAS DO MUNICÍPIO
D3: RUAS E ESTRADAS DO MUNICÍPIO
D4: MUNICÍPIO DE IGREJINHA -09 de abril de 2026 | J4: 21
D5: SINAPI REFERÊNCIA - Janeiro de 2026
B8: CUSTOS UNITÁRIOS POR COMPOSIÇÃO DE CADA ITEM/PRODUTO:
B10: COD. | C10: SINAPI | D10: DISCRIMINAÇÃO | E10: UNID. | F10: QUANT. | H10: CUSTO | I10: B.D.I. | J10: PREÇO
G11: TOTAL | H11: TOTAL | I11: 0.21 | J11: TOTAL
B12: 1 | D12: ARMAÇÃO SECUNDÁRIA COM 1 ESTRIBO E 1 ISOLADOR - FORNECIMENTO E INSTALAÇÃO
B13: 1.1 | C13: 1091 | D13: ARMACAO VERTICAL COM HASTE E CONTRA-PINO, EM CHAPA DE ACO GALVANIZADO 3/16", COM 1 ESTRIBO E 1 ISOLADO | E13: unid | F13: 1 | G13: 26.08 | H13: =F13*G13 -> 26.08 | I13: =H13*$I$11 -> 5.4768 | J13: =H13+I13 -> 31.5568 | N13: 52.96
B14: 1.2 | C14: 11267 | D14: ARRUELA LISA, REDONDA, DE LATAO POLIDO, DIAMETRO NOMINAL 5/8", DIAMETRO EXTERNO = 34 MM, DIAMETRO DO FURO = 17 MM, ESPESSURA = *2,5* MM | E14: unid | F14: 2 | G14: 1.43 | H14: =F14*G14 -> 2.86 | I14: =H14*$I$11 -> 0.6006 | J14: =H14+I14 -> 3.4606 | N14: 455.47
B15: 1.3 | C15: 39996 | D15: VERGALHAO ZINCADO ROSCA TOTAL, 1/4 " (6,3 MM) | E15: unid | F15: 0.17 | G15: 3.85 | H15: =F15*G15 -> 0.6545 | I15: =H15*$I$11 -> 0.137445 | J15: =H15+I15 -> 0.791945
B16: 1.4 | C16: 39997 | D16: PORCA ZINCADA, SEXTAVADA, DIAMETRO 1/4" | E16: unid | F16: 2 | G16: 0.33 | H16: =F16*G16 -> 0.66 | I16: =H16*$I$11 -> 0.1386 | J16: =H16+I16 -> 0.7986
B17: 1.5 | C17: 5928 | D17: GUINDAUTO HIDRÁULICO, CAPACIDADE MÁXIMA DE CARGA 6200 KG, MOMENTO MÁXIMO DE CARGA 11,7 TM, ALCANCE MÁXIMO HORIZONTAL 9,70 M,INCLUSIVE CAMINHÃO TOCO PBT 16.000 KG,POTÊNCIA DE 189 CV - CHP DIURNO. AF_06/2014 | E17: CHP | F17: 0.02 | G17: 294.05 | H17: =F17*G17 -> 5.881 | I17: =H17*$I$11 -> 1.23501 | J17: =H17+I17 -> 7.11601
B18: 1.6 | C18: 88247 | D18: AUXILIAR DE ELETRICISTA | E18: h | F18: 0.04 | G18: 26.69 | H18: =F18*G18 -> 1.0676 | I18: =H18*$I$11 -> 0.224196 | J18: =H18+I18 -> 1.291796 | N18: 25
B19: 1.7 | C19: 88264 | D19: ELETRICISTA | E19: h | F19: 0.37 | G19: 31.99 | H19: =F19*G19 -> 11.8363 | I19: =H19*$I$11 -> 2.485623 | J19: =H19+I19 -> 14.321923 | N19: 27.51
D20: TOTAL | H20: =SUM(H13:H19) -> 49.0394 | I20: =SUM(I13:I19) -> 10.298274 | J20: =SUM(J13:J19) -> 59.337674
B21: 2 | D21: HASTE DE ATERRAMENTO 3/4" PARA SPDA - FORNECIMENTO E INSTALAÇÃO
B22: 2.1 | C22: 3378 | D22: HASTE DE ATERRAMENTO EM AÇO COM 3,00M DE COMPRIMENTO E DN=3/4", REVESTIDA COM BAIXA CAMADA DE COBRE, SEM CONECTOR | E22: unid | F22: 1 | G22: 136.48 | H22: =F22*G22 -> 136.48 | I22: =H22*$I$11 -> 28.6608 | J22: =H22+I22 -> 165.1408 | N22: =#REF! -> #REF!
B23: 2.2 | C23: 426 | D23: GRAMPO METÁLICO TIPO U PARA HASTE DE ATERRAMENTO DE ATÉ 3/4", CONDUTOR DE 10 a 25mm2 | E23: unid | F23: 1 | G23: 48.19 | H23: =F23*G23 -> 48.19 | I23: =H23*$I$11 -> 10.1199 | J23: =H23+I23 -> 58.3099 | N23: =#REF! -> #REF!
B24: 2.3 | C24: 5928 | D24: GUINDAUTO HIDRÁULICO, CAPACIDADE MÁXIMA DE CARGA 6200 KG, MOMENTO MÁXIMO DE CARGA 11,7 TM, ALCANCE MÁXIMO HORIZONTAL 9,70 M,INCLUSIVE CAMINHÃO TOCO PBT 16.000 KG,POTÊNCIA DE 189 CV - CHP DIURNO. AF_06/2014 | E24: CHP | F24: 0.08 | G24: 294.05 | H24: =F24*G24 -> 23.524 | I24: =H24*$I$11 -> 4.94004 | J24: =H24+I24 -> 28.46404
B25: 2.4 | C25: 88247 | D25: AUXILIAR DE ELETRICISTA | E25: h | F25: 0.4 | G25: 26.69 | H25: =F25*G25 -> 10.676 | I25: =H25*$I$11 -> 2.24196 | J25: =H25+I25 -> 12.91796 | N25: =#REF! -> #REF!
B26: 2.5 | C26: 88264 | D26: ELETRICISTA | E26: h | F26: 0.4 | G26: 31.99 | H26: =F26*G26 -> 12.796 | I26: =H26*$I$11 -> 2.68716 | J26: =H26+I26 -> 15.48316 | N26: 45.51
D27: TOTAL | H27: =SUM(H22:H26) -> 231.666 | I27: =SUM(I22:I26) -> 48.64986 | J27: =SUM(J22:J26) -> 280.31586
B28: 3 | D28: CABO DE COBRE NÚ 16mm2 MEIO DURO - FORNECIMENTO E INSTALAÇÃO
B29: 3.1 | C29: 857 | D29: CABO DE COBRE NÚ 16mm2 MEIO DURO - FORNECIMENTO E INSTALAÇÃO | E29: M | F29: 1 | G29: 17.54 | H29: =F29*G29 -> 17.54 | I29: =H29*$I$11 -> 3.6834 | J29: =H29+I29 -> 21.2234 | N29: 12.47
B30: 3.2 | C30: 5928 | D30: GUINDAUTO HIDRÁULICO, CAPACIDADE MÁXIMA DE CARGA 6200 KG, MOMENTO MÁXIMO DE CARGA 11,7 TM, ALCANCE MÁXIMO HORIZONTAL 9,70 M,INCLUSIVE CAMINHÃO TOCO PBT 16.000 KG,POTÊNCIA DE 189 CV - CHP DIURNO. AF_06/2014 | E30: CHP | F30: 0.01 | G30: 294.05 | H30: =F30*G30 -> 2.9405 | I30: =H30*$I$11 -> 0.617505 | J30: =H30+I30 -> 3.558005 | N30: 22.21
B31: 3.3 | C31: 88247 | D31: AUXILIAR DE ELETRICISTA | E31: h | F31: 0.2 | G31: 26.69 | H31: =F31*G31 -> 5.338 | I31: =H31*$I$11 -> 1.12098 | J31: =H31+I31 -> 6.45898 | N31: 26.49
B32: 3.4 | C32: 88264 | D32: ELETRICISTA | E32: h | F32: 0.2 | G32: 31.99 | H32: =F32*G32 -> 6.398 | I32: =H32*$I$11 -> 1.34358 | J32: =H32+I32 -> 7.74158 | N32: 163.35
D33: TOTAL | H33: =SUM(H29:H32) -> 32.2165 | I33: =SUM(I29:I32) -> 6.765465 | J33: =SUM(J29:J32) -> 38.981965
B34: 4 | D34: CINTA PARA POSTE CIRCULAR - FORNECIMENTO E INSTALAÇÃO
B35: 4.1 | C35: 12327 | D35: CINTA CIRCULAR EM ACO GALVANIZADO DE 210 MM DE DIAMETRO PARA INSTALACAO DE TRANSFORMADOR EM POSTE DE CONCRETO | E35: m³ | F35: 1 | G35: 32.4 | H35: =F35*G35 -> 32.4 | I35: =H35*$I$11 -> 6.804 | J35: =H35+I35 -> 39.204 | N35: 157.76
B36: 4.2 | C36: 5928 | D36: GUINDAUTO HIDRÁULICO, CAPACIDADE MÁXIMA DE CARGA 6200 KG, MOMENTO MÁXIMO DE CARGA 11,7 TM, ALCANCE MÁXIMO HORIZONTAL 9,70 M,INCLUSIVE CAMINHÃO TOCO PBT 16.000 KG,POTÊNCIA DE 189 CV - CHP DIURNO. AF_06/2014 | E36: CHP | F36: 0.03 | G36: 294.05 | H36: =F36*G36 -> 8.8215 | I36: =H36*$I$11 -> 1.852515 | J36: =H36+I36 -> 10.674015
B37: 4.3 | C37: 88247 | D37: AUXILIAR DE ELETRICISTA | E37: h | F37: 0.1 | G37: 26.99 | H37: =F37*G37 -> 2.699 | I37: =H37*$I$11 -> 0.56679 | J37: =H37+I37 -> 3.26579 | N37: =#REF! -> #REF!
B38: 4.4 | C38: 88264 | D38: ELETRICISTA | E38: h | F38: 0.1 | G38: 31.99 | H38: =F38*G38 -> 3.199 | I38: =H38*$I$11 -> 0.67179 | J38: =H38+I38 -> 3.87079 | N38: 45.51
D39: TOTAL | H39: =SUM(H35:H38) -> 47.1195 | I39: =SUM(I35:I38) -> 9.895095 | J39: =SUM(J35:J38) -> 57.014595
B40: 5 | D40: CONECTOR PERFURANTE PARA CABO MULTIPLEXADO - FORNECIMENTO E INSTALAÇÃO
B41: 5.1 | C41: 1564 | D41: GRAMPO PARALELO METÁLICO PARA CABO DE 6 a 50mm2 COM 2 PARAFUSOS | E41: unid | F41: 1 | G41: 18.33 | H41: =F41*G41 -> 18.33 | I41: =H41*$I$11 -> 3.8493 | J41: =H41+I41 -> 22.1793
B42: 5.2 | C42: 5928 | D42: GUINDAUTO HIDRÁULICO, CAPACIDADE MÁXIMA DE CARGA 6200 KG, MOMENTO MÁXIMO DE CARGA 11,7 TM, ALCANCE MÁXIMO HORIZONTAL 9,70 M,INCLUSIVE CAMINHÃO TOCO PBT 16.000 KG,POTÊNCIA DE 189 CV - CHP DIURNO. AF_06/2014 | E42: CHP | F42: 0.01 | G42: 294.05 | H42: =F42*G42 -> 2.9405 | I42: =H42*$I$11 -> 0.617505 | J42: =H42+I42 -> 3.558005
B43: 5.3 | C43: 88247 | D43: AUXILIAR DE ELETRICISTA | E43: h | F43: 0.04 | G43: 26.69 | H43: =F43*G43 -> 1.0676 | I43: =H43*$I$11 -> 0.224196 | J43: =H43+I43 -> 1.291796 | N43: =#REF! -> #REF!
B44: 5.4 | C44: 88264 | D44: ELETRICISTA | E44: h | F44: 0.07 | G44: 31.99 | H44: =F44*G44 -> 2.2393 | I44: =H44*$I$11 -> 0.470253 | J44: =H44+I44 -> 2.709553 | N44: 45.51
D45: TOTAL | H45: =SUM(H41:H44) -> 24.5774 | I45: =SUM(I41:I44) -> 5.161254 | J45: =SUM(J41:J44) -> 29.738654
B46: 6 | D46: LUMINÁRIA EM LED PARA ILUMINAÇÃO PÚBLICA, 100W, BIVOLT, SELO A INMETRO, CORPO EM ALUMINIO INJ, FP 0,97, PROT. DPS 10KV. IP66, IK 09, TEMP. DE COR 5000k, IRC=70%, VIDA ÚTIL 50.000 h, 130 LM/W.GAR.5 ANOS, modelo gl216 g-LIGHT OU SIMILAR VER.01 - FORNECIMENTO E INSTALAÇÃO
B47: 6.1 | C47: 42247 | D47: LUMINARIA DE LED PARA ILUMINACAO PUBLICA, DE 138 W ATE 180 W, INVOLUCRO EM ALUMINIO OU ACO INOX | E47: unid | F47: 1 | G47: 420.17 | H47: =F47*G47 -> 420.17 | I47: =H47*$I$11 -> 88.2357 | J47: =H47+I47 -> 508.4057 | N47: 22.72
B48: 6.2 | C48: 5928 | D48: GUINDAUTO HIDRÁULICO, CAPACIDADE MÁXIMA DE CARGA 6200 KG, MOMENTO MÁXIMO DE CARGA 11,7 TM, ALCANCE MÁXIMO HORIZONTAL 9,70 M,INCLUSIVE CAMINHÃO TOCO PBT 16.000 KG,POTÊNCIA DE 189 CV - CHP DIURNO. AF_06/2014 | E48: CHP | F48: 0.3 | G48: 294.05 | H48: =F48*G48 -> 88.215 | I48: =H48*$I$11 -> 18.52515 | J48: =H48+I48 -> 106.74015
B49: 6.3 | C49: 88316 | D49: SERVENTE | E49: h | F49: 0.3 | G49: 24.83 | H49: =F49*G49 -> 7.449 | I49: =H49*$I$11 -> 1.56429 | J49: =H49+I49 -> 9.01329 | N49: =#REF! -> #REF!
B50: 6.4 | C50: 88264 | D50: ELETRICISTA | E50: h | F50: 0.3 | G50: 31.99 | H50: =F50*G50 -> 9.597 | I50: =H50*$I$11 -> 2.01537 | J50: =H50+I50 -> 11.61237 | N50: 45.51
D51: TOTAL | H51: =SUM(H47:H50) -> 525.431 | I51: =SUM(I47:I50) -> 110.34051 | J51: =SUM(J47:J50) -> 635.77151
B52: 7 | D52: RELÉ FOTOELÉTRICO 1000W - FORNECIMENTO E INSTALAÇÃO
B53: 7.1 | C53: 2510 | D53: RELÉ FOTOELÉTRICO INTERNO E EXTERNO BIVOLT 1000W, DE CONECTOR, SEM BASE | E53: UNID. | F53: 1 | G53: 35.46 | H53: =F53*G53 -> 35.46 | I53: =H53*$I$11 -> 7.4466 | J53: =H53+I53 -> 42.9066 | N53: =#REF! -> #REF!
B54: 7.2 | C54: 39380 | D54: BASE PARA RELE COM SUPORTE METALICO | E54: UNID. | F54: 2 | G54: 20.28 | H54: =F54*G54 -> 40.56 | I54: =H54*$I$11 -> 8.5176 | J54: =H54+I54 -> 49.0776 | N54: =#REF! -> #REF!
B55: 7.3 | C55: 5928 | D55: GUINDAUTO HIDRÁULICO, CAPACIDADE MÁXIMA DE CARGA 6200 KG, MOMENTO MÁXIMO DE CARGA 11,7 TM, ALCANCE MÁXIMO HORIZONTAL 9,70 M,INCLUSIVE CAMINHÃO TOCO PBT 16.000 KG,POTÊNCIA DE 189 CV - CHP DIURNO. AF_06/2014 | E55: CHP | F55: 0.02 | G55: 294.05 | H55: =F55*G55 -> 5.881 | I55: =H55*$I$11 -> 1.23501 | J55: =H55+I55 -> 7.11601 | N55: 25
B56: 7.5 | C56: 88264 | D56: ELETRICISTA | E56: h | F56: 0.5 | G56: 31.99 | H56: =F56*G56 -> 15.995 | I56: =H56*$I$11 -> 3.35895 | J56: =H56+I56 -> 19.35395 | N56: 1.65
D57: TOTAL | H57: =SUM(H53:H56) -> 97.896 | I57: =SUM(I53:I56) -> 20.55816 | J57: =SUM(J53:J56) -> 118.45416
B58: 8 | D58: CABO DE COBRE PP CORDPLAST 2x2,50mm2, 450/750V - FORNECIMENTO E INSTALAÇÃO
B59: 8.1 | C59: 34602 | D59: CABO DE COBRE, FLEXIVEL, CLASSE 4 OU 5, ISOLACAO EM PVC/A, ANTICHAMA BWF-B, 1 CONDUTOR, 450/750 V, SECAO NOMINAL 2,5 MM2 | E59: m | F59: 1 | G59: 2.31 | H59: =F59*G59 -> 2.31 | I59: =H59*$I$11 -> 0.4851 | J59: =H59+I59 -> 2.7951 | N59: =#REF! -> #REF!
B60: 8.2 | C60: 5928 | D60: GUINDAUTO HIDRÁULICO, CAPACIDADE MÁXIMA DE CARGA 6200 KG, MOMENTO MÁXIMO DE CARGA 11,7 TM, ALCANCE MÁXIMO HORIZONTAL 9,70 M,INCLUSIVE CAMINHÃO TOCO PBT 16.000 KG,POTÊNCIA DE 189 CV - CHP DIURNO. AF_06/2014 | E60: CHP | F60: 0.01 | G60: 294.05 | H60: =F60*G60 -> 2.9405 | I60: =H60*$I$11 -> 0.617505 | J60: =H60+I60 -> 3.558005
B61: 8.3 | C61: 88247 | D61: AUXILIAR DE ELETRICISTA | E61: h | F61: 0.02 | G61: 26.69 | H61: =F61*G61 -> 0.5338 | I61: =H61*$I$11 -> 0.112098 | J61: =H61+I61 -> 0.645898 | N61: =#REF! -> #REF!
B62: 8.4 | C62: 88264 | D62: ELETRICISTA | E62: h | F62: 0.07 | G62: 31.99 | H62: =F62*G62 -> 2.2393 | I62: =H62*$I$11 -> 0.470253 | J62: =H62+I62 -> 2.709553 | N62: 45.51
D63: TOTAL | H63: =SUM(H59:H62) -> 8.0236 | I63: =SUM(I59:I62) -> 1.684956 | J63: =SUM(J59:J62) -> 9.708556
B64: 9 | D64: POSTE DE FERRO GALVANIZADO CÔNICO DE 9m - FORNECIMENTO E INSTALAÇÃO
B65: 9.1 | C65: 14163 | D65: POSTE CÔNICO CONTÍNUO EM AÇO GALVANIZADO, CURVO, BRAÇO DUPLO, FLANGEADO, H=9m DIÂMETRO INFERIOR=135mm | E65: UNID. | F65: 1 | G65: 2483.98 | H65: =F65*G65 -> 2483.98 | I65: =H65*$I$11 -> 521.6358 | J65: =H65+I65 -> 3005.6158 | N65: =#REF! -> #REF!
B66: 9.2 | C66: 1523 | D66: CONCRETO USINADO CONVENCIONAL (NÃO BOMBEÁVEL) CLASSE DE RESISTÊNCIA C15, COM BRITA 1 E 2, SLUMP=80mm +- 10mm (NBR 8953) | E66: UNID. | F66: 2 | G66: 515.8 | H66: =F66*G66 -> 1031.6 | I66: =H66*$I$11 -> 216.636 | J66: =H66+I66 -> 1248.236 | N66: =#REF! -> #REF!
B67: 9.3 | C67: 5928 | D67: GUINDAUTO HIDRÁULICO, CAPACIDADE MÁXIMA DE CARGA 6200 KG, MOMENTO MÁXIMO DE CARGA 11,7 TM, ALCANCE MÁXIMO HORIZONTAL 9,70 M,INCLUSIVE CAMINHÃO TOCO PBT 16.000 KG,POTÊNCIA DE 189 CV - CHP DIURNO. AF_06/2014 | E67: CHP | F67: 1 | G67: 294.05 | H67: =F67*G67 -> 294.05 | I67: =H67*$I$11 -> 61.7505 | J67: =H67+I67 -> 355.8005 | N67: 25
C68: 88309 | D68: PEDREIRO | E68: h | F68: 2 | G68: 29.88 | H68: =F68*G68 -> 59.76 | I68: =H68*$I$11 -> 12.5496 | J68: =H68+I68 -> 72.3096
B69: 9.4 | C69: 88316 | D69: SERVENTE | E69: h | F69: 2 | G69: 24.83 | H69: =F69*G69 -> 49.66 | I69: =H69*$I$11 -> 10.4286 | J69: =H69+I69 -> 60.0886 | N69: 1.65
D70: TOTAL | H70: =SUM(H65:H69) -> 3919.05 | I70: =SUM(I65:I69) -> 823.0005 | J70: =SUM(J65:J69) -> 4742.0505
B71: 10 | D71: ALÇA PREFORMADA DE DISTRIBUIÇÃO, EM AÇO GALVANIZADO, AWG 1 - FORNECIMENTO E INSTALAÇÃO
B72: 10.1 | C72: 11273 | D72: ALÇA PREFORMADA DE DISTRIBUIÇÃO, EM AÇO GALVANIZADO, PARA CONDUTORES DE ALUMÍNIO AWG 1/0 (CAA 6/1 OU CA 7 FIOS) | E72: unid | F72: 1 | G72: 9.58 | H72: =F72*G72 -> 9.58 | I72: =H72*$I$11 -> 2.0118 | J72: =H72+I72 -> 11.5918 | N72: =#REF! -> #REF!
B73: 10.2 | C73: 5928 | D73: GUINDAUTO HIDRÁULICO, CAPACIDADE MÁXIMA DE CARGA 6200 KG, MOMENTO MÁXIMO DE CARGA 11,7 TM, ALCANCE MÁXIMO HORIZONTAL 9,70 M,INCLUSIVE CAMINHÃO TOCO PBT 16.000 KG,POTÊNCIA DE 189 CV - CHP DIURNO. AF_06/2014 | E73: CHP | F73: 0.01 | G73: 294.05 | H73: =F73*G73 -> 2.9405 | I73: =H73*$I$11 -> 0.617505 | J73: =H73+I73 -> 3.558005
B74: 10.3 | C74: 88247 | D74: AUXILIAR DE ELETRICISTA | E74: h | F74: 0.02 | G74: 26.69 | H74: =F74*G74 -> 0.5338 | I74: =H74*$I$11 -> 0.112098 | J74: =H74+I74 -> 0.645898 | N74: =#REF! -> #REF!
B75: 10.4 | C75: 88264 | D75: ELETRICISTA | E75: h | F75: 0.16 | G75: 31.99 | H75: =F75*G75 -> 5.1184 | I75: =H75*$I$11 -> 1.074864 | J75: =H75+I75 -> 6.193264 | N75: 45.51
D76: TOTAL | H76: =SUM(H72:H75) -> 18.1727 | I76: =SUM(I72:I75) -> 3.816267 | J76: =SUM(J72:J75) -> 21.988967
B77: 11 | D77: CABO DE ALUMÍNIO 2X16mm2 MULTIPLEXADO - FORNECIMENTO E INSTALAÇÃO
B78: 11.1 | C78: 995 | D78: CABO DE COBRE FLEXÍVEL, CLASSE 4 OU 5, ISOLAÇÃO EM PVC/A, ANTICHAMA BWF-B, COBERTURA PVC ST1, ANTICHAMA BWF-B, 1 CONDUTOR, 0,6/1KV, SEÇÃO NOMINAL 16mm2 | E78: m | F78: 1 | G78: 16.02 | H78: =F78*G78 -> 16.02 | I78: =H78*$I$11 -> 3.3642 | J78: =H78+I78 -> 19.3842 | N78: =#REF! -> #REF!
B79: 11.2 | C79: 5928 | D79: GUINDAUTO HIDRÁULICO, CAPACIDADE MÁXIMA DE CARGA 6200 KG, MOMENTO MÁXIMO DE CARGA 11,7 TM, ALCANCE MÁXIMO HORIZONTAL 9,70 M,INCLUSIVE CAMINHÃO TOCO PBT 16.000 KG,POTÊNCIA DE 189 CV - CHP DIURNO. AF_06/2014 | E79: CHP | F79: 0.01 | G79: 294.05 | H79: =F79*G79 -> 2.9405 | I79: =H79*$I$11 -> 0.617505 | J79: =H79+I79 -> 3.558005
B80: 11.3 | C80: 88247 | D80: AUXILIAR DE ELETRICISTA | E80: h | F80: 0.2 | G80: 26.69 | H80: =F80*G80 -> 5.338 | I80: =H80*$I$11 -> 1.12098 | J80: =H80+I80 -> 6.45898 | N80: =#REF! -> #REF!
B81: 11.4 | C81: 88264 | D81: ELETRICISTA | E81: h | F81: 0.2 | G81: 31.99 | H81: =F81*G81 -> 6.398 | I81: =H81*$I$11 -> 1.34358 | J81: =H81+I81 -> 7.74158 | N81: 45.51
D82: TOTAL | H82: =SUM(H78:H81) -> 30.6965 | I82: =SUM(I78:I81) -> 6.446265 | J82: =SUM(J78:J81) -> 37.142765
B83: 12 | D83: CAIXA DE COMANDO - FORNECIMENTO E INSTALAÇÃO
B84: 12.1 | C84: 11256 | D84: CAIXA DE PASSAGEM/LUZ/TELEFONIA, DE SOBREPOR, EM CHAPA DE AÇO GALVANIZADO, DIMENSÕES 80X80X12 CM (PADRÃO CONCESSIONÁRIA LOCAL) | E84: unid | F84: 1 | G84: 439.31 | H84: =F84*G84 -> 439.31 | I84: =H84*$I$11 -> 92.2551 | J84: =H84+I84 -> 531.5651 | N84: =#REF! -> #REF!
B85: 12.2 | C85: 5928 | D85: GUINDAUTO HIDRÁULICO, CAPACIDADE MÁXIMA DE CARGA 6200 KG, MOMENTO MÁXIMO DE CARGA 11,7 TM, ALCANCE MÁXIMO HORIZONTAL 9,70 M,INCLUSIVE CAMINHÃO TOCO PBT 16.000 KG,POTÊNCIA DE 189 CV - CHP DIURNO. AF_06/2014 | E85: CHP | F85: 0.15 | G85: 294.05 | H85: =F85*G85 -> 44.1075 | I85: =H85*$I$11 -> 9.262575 | J85: =H85+I85 -> 53.370075
B86: 12.3 | C86: 88247 | D86: AUXILIAR DE ELETRICISTA | E86: h | F86: 1.5 | G86: 26.69 | H86: =F86*G86 -> 40.035 | I86: =H86*$I$11 -> 8.40735 | J86: =H86+I86 -> 48.44235 | N86: =#REF! -> #REF!
B87: 12.4 | C87: 88264 | D87: ELETRICISTA | E87: h | F87: 2 | G87: 31.99 | H87: =F87*G87 -> 63.98 | I87: =H87*$I$11 -> 13.4358 | J87: =H87+I87 -> 77.4158 | N87: 45.51
D88: TOTAL | H88: =SUM(H84:H87) -> 587.4325 | I88: =SUM(I84:I87) -> 123.36083 | J88: =SUM(J84:J87) -> 710.79333
B89: 13 | D89: DISPOSITIVO/RELÉ DE TELEGESTÃO PARA CONTROLE REMOTO DE LUMINÁRIAS DE ILUMINAÇÃO PÚNLICA
B90: 13.1 | C90: PNCP | D90: DISPOSITIVO/RELÉ DE TELEGESTÃO PARA CONTROLE REMOTO DE LUMINÁRIAS DE ILUMINAÇÃO PÚBLICA, COM COORDENADORES/GATEWAYS INCLUSOS, HOMOLOGADO PELA ANATEL - REFERÊNCIA MUNICÍPIO DE CARPINA/PE, PREGÃO ELETRÔNICO Nº 032/2025, PROCESSO LICITATÓRIO Nº 085/2025, ITEM 10.2, COMP. PRÓPRIA 33 - R$580,00/UNIDADE. Eletrônico nº 032/2025, processo licitatório nº 085/2025, item 10.2 | E90: unid | F90: 1 | G90: 580 | H90: =F90*G90 -> 580 | I90: =H90*$I$11 -> 121.8 | J90: =H90+I90 -> 701.8 | N90: =#REF! -> #REF!
B91: 13.2 | C91: 5928 | D91: GUINDAUTO HIDRÁULICO, CAPACIDADE MÁXIMA DE CARGA 6200 KG, MOMENTO MÁXIMO DE CARGA 11,7 TM, ALCANCE MÁXIMO HORIZONTAL 9,70 M,INCLUSIVE CAMINHÃO TOCO PBT 16.000 KG,POTÊNCIA DE 189 CV - CHP DIURNO. AF_06/2014 | E91: CHP | F91: 0.12 | G91: 294.05 | H91: =F91*G91 -> 35.286 | I91: =H91*$I$11 -> 7.41006 | J91: =H91+I91 -> 42.69606
B92: 13.3 | C92: 88247 | D92: AUXILIAR DE ELETRICISTA | E92: h | F92: 0.1 | G92: 26.69 | H92: =F92*G92 -> 2.669 | I92: =H92*$I$11 -> 0.56049 | J92: =H92+I92 -> 3.22949 | N92: =#REF! -> #REF!
B93: 13.4 | C93: 88264 | D93: ELETRICISTA | E93: h | F93: 0.1 | G93: 31.99 | H93: =F93*G93 -> 3.199 | I93: =H93*$I$11 -> 0.67179 | J93: =H93+I93 -> 3.87079 | N93: 45.51
D94: TOTAL | H94: =SUM(H90:H93) -> 621.154 | I94: =SUM(I90:I93) -> 130.44234 | J94: =SUM(J90:J93) -> 751.59634
B95: 14 | D95: LUMINÁRIA LED SOLAR INTEGRADA PARA POSTE, COM SUPORTE PARA FIXAÇÃO - FORNECIMENTO E INSTALAÇÃO
B96: 14.1 | C96: P.15000.034200/CPOS | D96: LUMINÁRIA LED SOLAR INTEGRADA PARA POSOTE, COM SUPORTE PARA FIXAÇÃO, RED. LINHA SAHY CLS-UF80 DA CONEXLED, ATLAS ALL IN ONE 80W DA FOTOVOLT, EIF-80W DA LIGHTSOLAR OU EQUIVALENTE | E96: unid | F96: 1 | G96: 7605.68 | H96: =F96*G96 -> 7605.68 | I96: =H96*$I$11 -> 1597.1928 | J96: =H96+I96 -> 9202.8728 | N96: =#REF! -> #REF!
B97: 14.2 | C97: 88316 | D97: SERVENTE | E97: h | F97: 0.3 | G97: 24.83 | H97: =F97*G97 -> 7.449 | I97: =H97*$I$11 -> 1.56429 | J97: =H97+I97 -> 9.01329
B98: 14.3 | C98: 88264 | D98: ELETRICISTA | E98: h | F98: 0.3 | G98: 31.99 | H98: =F98*G98 -> 9.597 | I98: =H98*$I$11 -> 2.01537 | J98: =H98+I98 -> 11.61237 | N98: =#REF! -> #REF!
B99: 14.4 | C99: 5928 | D99: GUINDAUTO HIDRÁULICO, CAPACIDADE MÁXIMA DE CARGA 6200 KG, MOMENTO MÁXIMO DE CARGA 11,7 TM, ALCANCE MÁXIMO HORIZONTAL 9,70 M,INCLUSIVE CAMINHÃO TOCO PBT 16.000 KG,POTÊNCIA DE 189 CV - CHP DIURNO. AF_06/2014 | E99: CHP | F99: 0.3 | G99: 294.05 | H99: =F99*G99 -> 88.215 | I99: =H99*$I$11 -> 18.52515 | J99: =H99+I99 -> 106.74015 | N99: 45.51
D100: TOTAL | H100: =SUM(H96:H99) -> 7710.941 | I100: =SUM(I96:I99) -> 1619.2976 | J100: =SUM(J96:J99) -> 9330.2386
B101: 15 | D101: POSTE DE CONCRETO ARMADO DE SEÇÃO DUPLO T, EXTENSÃO DE 9,00m, RESISTÊNCIA DE 150 DAN - FORNECIMENTO E INSTALAÇÃO
B102: 15.1 | C102: 41196 | D102: POSTE DE CONCRETO ARMADO DE SEÇÃO DUPLO T, EXTENSÃO DE 9,00m, RESISTÊNCIA DE 150 DAN - FORNECIMENTO E INSTALAÇÃO | E102: unid | F102: 1 | G102: 822.57 | H102: =F102*G102 -> 822.57 | I102: =H102*$I$11 -> 172.7397 | J102: =H102+I102 -> 995.3097 | N102: =#REF! -> #REF!
B103: 15.2 | C103: 124/ORSE | D103: CONCRETO SIMPLES FABRICADO NA OBRA. FCK=13,5 Mpa (b1/b2), SEM LANÇAMENTO E ADENSAMENTO | E103: M3 | F103: 0.25 | G103: 548.8 | H103: =F103*G103 -> 137.2 | I103: =H103*$I$11 -> 28.812 | J103: =H103+I103 -> 166.012
...

Sheet composições sem BDI
D1: PLANILHA ORÇAMENTÁRIA ESTIMATIVA
D2: MATERIAL E MÃO DE OBRA PARA INSTALAÇÃO DE POSTES COM ILUMINAÇÃO PÚBLICA EM RUAS E ESTRADAS DO
D3: MUNICÍPIO
D4: MUNICÍPIO DE IGREJINHA -09 de abril de 2026
D5: SINAPI REFERÊNCIA - Janeiro de 2026
B7: CUSTOS UNITÁRIOS POR COMPOSIÇÃO DE CADA ITEM/PRODUTO:
B9: COD. | C9: SINAPI | D9: DISCRIMINAÇÃO | E9: UNID. | F9: QUANT. | H9: CUSTO
G10: TOTAL | H10: TOTAL
B11: 1 | D11: ARMAÇÃO SECUNDÁRIA COM 1 ESTRIBO E 1 ISOLADOR - FORNECIMENTO E INSTALAÇÃO
B12: 1.1 | C12: 1091 | D12: ARMACAO VERTICAL COM HASTE E CONTRA-PINO, EM CHAPA DE ACO GALVANIZADO 3/16", COM 1 ESTRIBO E 1 ISOLADO | E12: unid | F12: 1 | G12: 26.08 | H12: =F12*G12 -> 26.08 | K12: 52.96
B13: 1.2 | C13: 11267 | D13: ARRUELA LISA, REDONDA, DE LATAO POLIDO, DIAMETRO NOMINAL 5/8", DIAMETRO EXTERNO = 34 MM, DIAMETRO DO FURO = 17 MM, ESPESSURA = *2,5* MM | E13: unid | F13: 2 | G13: 1.43 | H13: =F13*G13 -> 2.86 | K13: 455.47
B14: 1.3 | C14: 39996 | D14: VERGALHAO ZINCADO ROSCA TOTAL, 1/4 " (6,3 MM) | E14: unid | F14: 0.17 | G14: 3.85 | H14: =F14*G14 -> 0.6545
B15: 1.4 | C15: 39997 | D15: PORCA ZINCADA, SEXTAVADA, DIAMETRO 1/4" | E15: unid | F15: 2 | G15: 0.33 | H15: =F15*G15 -> 0.66
B16: 1.5 | C16: 5928 | D16: GUINDAUTO HIDRÁULICO, CAPACIDADE MÁXIMA DE CARGA 6200 KG, MOMENTO MÁXIMO DE CARGA 11,7 TM, ALCANCE MÁXIMO HORIZONTAL 9,70 M,INCLUSIVE CAMINHÃO TOCO PBT 16.000 KG,POTÊNCIA DE 189 CV - CHP DIURNO. AF_06/2014 | E16: CHP | F16: 0.02 | G16: 294.05 | H16: =F16*G16 -> 5.881
B17: 1.6 | C17: 88247 | D17: AUXILIAR DE ELETRICISTA | E17: h | F17: 0.04 | G17: 26.69 | H17: =F17*G17 -> 1.0676 | K17: 25
B18: 1.7 | C18: 88264 | D18: ELETRICISTA | E18: h | F18: 0.37 | G18: 31.99 | H18: =F18*G18 -> 11.8363 | K18: 27.51
D19: TOTAL | H19: =SUM(H12:H18) -> 49.0394
B20: 2 | D20: HASTE DE ATERRAMENTO 3/4" PARA SPDA - FORNECIMENTO E INSTALAÇÃO
B21: 2.1 | C21: 3378 | D21: HASTE DE ATERRAMENTO EM AÇO COM 3,00M DE COMPRIMENTO E DN=3/4", REVESTIDA COM BAIXA CAMADA DE COBRE, SEM CONECTOR | E21: unid | F21: 1 | G21: 136.48 | H21: =F21*G21 -> 136.48 | K21: =#REF! -> #REF!
B22: 2.2 | C22: 426 | D22: GRAMPO METÁLICO TIPO U PARA HASTE DE ATERRAMENTO DE ATÉ 3/4", CONDUTOR DE 10 a 25mm2 | E22: unid | F22: 1 | G22: 48.19 | H22: =F22*G22 -> 48.19 | K22: =#REF! -> #REF!
B23: 2.3 | C23: 5928 | D23: GUINDAUTO HIDRÁULICO, CAPACIDADE MÁXIMA DE CARGA 6200 KG, MOMENTO MÁXIMO DE CARGA 11,7 TM, ALCANCE MÁXIMO HORIZONTAL 9,70 M,INCLUSIVE CAMINHÃO TOCO PBT 16.000 KG,POTÊNCIA DE 189 CV - CHP DIURNO. AF_06/2014 | E23: CHP | F23: 0.08 | G23: 294.05 | H23: =F23*G23 -> 23.524
B24: 2.4 | C24: 88247 | D24: AUXILIAR DE ELETRICISTA | E24: h | F24: 0.4 | G24: 26.69 | H24: =F24*G24 -> 10.676 | K24: =#REF! -> #REF!
B25: 2.5 | C25: 88264 | D25: ELETRICISTA | E25: h | F25: 0.4 | G25: 31.99 | H25: =F25*G25 -> 12.796 | K25: 45.51
D26: TOTAL | H26: =SUM(H21:H25) -> 231.666
B27: 3 | D27: CABO DE COBRE NÚ 16mm2 MEIO DURO - FORNECIMENTO E INSTALAÇÃO
B28: 3.1 | C28: 857 | D28: CABO DE COBRE NÚ 16mm2 MEIO DURO - FORNECIMENTO E INSTALAÇÃO | E28: M | F28: 1 | G28: 17.54 | H28: =F28*G28 -> 17.54 | K28: 12.47
B29: 3.2 | C29: 5928 | D29: GUINDAUTO HIDRÁULICO, CAPACIDADE MÁXIMA DE CARGA 6200 KG, MOMENTO MÁXIMO DE CARGA 11,7 TM, ALCANCE MÁXIMO HORIZONTAL 9,70 M,INCLUSIVE CAMINHÃO TOCO PBT 16.000 KG,POTÊNCIA DE 189 CV - CHP DIURNO. AF_06/2014 | E29: CHP | F29: 0.01 | G29: 294.05 | H29: =F29*G29 -> 2.9405 | K29: 22.21
B30: 3.3 | C30: 88247 | D30: AUXILIAR DE ELETRICISTA | E30: h | F30: 0.2 | G30: 26.69 | H30: =F30*G30 -> 5.338 | K30: 26.49
B31: 3.4 | C31: 88264 | D31: ELETRICISTA | E31: h | F31: 0.2 | G31: 31.99 | H31: =F31*G31 -> 6.398 | K31: 163.35
D32: TOTAL | H32: =SUM(H28:H31) -> 32.2165
B33: 4 | D33: CINTA PARA POSTE CIRCULAR - FORNECIMENTO E INSTALAÇÃO
B34: 4.1 | C34: 12327 | D34: CINTA CIRCULAR EM ACO GALVANIZADO DE 210 MM DE DIAMETRO PARA INSTALACAO DE TRANSFORMADOR EM POSTE DE CONCRETO | E34: m³ | F34: 1 | G34: 32.4 | H34: =F34*G34 -> 32.4 | K34: 157.76
B35: 4.2 | C35: 5928 | D35: GUINDAUTO HIDRÁULICO, CAPACIDADE MÁXIMA DE CARGA 6200 KG, MOMENTO MÁXIMO DE CARGA 11,7 TM, ALCANCE MÁXIMO HORIZONTAL 9,70 M,INCLUSIVE CAMINHÃO TOCO PBT 16.000 KG,POTÊNCIA DE 189 CV - CHP DIURNO. AF_06/2014 | E35: CHP | F35: 0.03 | G35: 294.05 | H35: =F35*G35 -> 8.8215
B36: 4.3 | C36: 88247 | D36: AUXILIAR DE ELETRICISTA | E36: h | F36: 0.1 | G36: 26.99 | H36: =F36*G36 -> 2.699 | K36: =#REF! -> #REF!
B37: 4.4 | C37: 88264 | D37: ELETRICISTA | E37: h | F37: 0.1 | G37: 31.99 | H37: =F37*G37 -> 3.199 | K37: 45.51
D38: TOTAL | H38: =SUM(H34:H37) -> 47.1195
B39: 5 | D39: CONECTOR PERFURANTE PARA CABO MULTIPLEXADO - FORNECIMENTO E INSTALAÇÃO
B40: 5.1 | C40: 1564 | D40: GRAMPO PARALELO METÁLICO PARA CABO DE 6 a 50mm2 COM 2 PARAFUSOS | E40: unid | F40: 1 | G40: 18.33 | H40: =F40*G40 -> 18.33
B41: 5.2 | C41: 5928 | D41: GUINDAUTO HIDRÁULICO, CAPACIDADE MÁXIMA DE CARGA 6200 KG, MOMENTO MÁXIMO DE CARGA 11,7 TM, ALCANCE MÁXIMO HORIZONTAL 9,70 M,INCLUSIVE CAMINHÃO TOCO PBT 16.000 KG,POTÊNCIA DE 189 CV - CHP DIURNO. AF_06/2014 | E41: CHP | F41: 0.01 | G41: 294.05 | H41: =F41*G41 -> 2.9405
B42: 5.3 | C42: 88247 | D42: AUXILIAR DE ELETRICISTA | E42: h | F42: 0.04 | G42: 26.69 | H42: =F42*G42 -> 1.0676 | K42: =#REF! -> #REF!
B43: 5.4 | C43: 88264 | D43: ELETRICISTA | E43: h | F43: 0.07 | G43: 31.99 | H43: =F43*G43 -> 2.2393 | K43: 45.51
D44: TOTAL | H44: =SUM(H40:H43) -> 24.5774
B45: 6 | D45: LUMINÁRIA EM LED PARA ILUMINAÇÃO PÚBLICA, 100W, BIVOLT, SELO A INMETRO, CORPO EM ALUMINIO INJ, FP 0,97, PROT. DPS 10KV. IP66, IK 09, TEMP. DE COR 5000k, IRC=70%, VIDA ÚTIL 50.000 h, 130 LM/W.GAR.5 ANOS, modelo gl216 g-LIGHT OU SIMILAR VER.01 - FORNECIMENTO E INSTALAÇÃO
B46: 6.1 | C46: 42247 | D46: LUMINARIA DE LED PARA ILUMINACAO PUBLICA, DE 138 W ATE 180 W, INVOLUCRO EM ALUMINIO OU ACO INOX | E46: unid | F46: 1 | G46: 420.17 | H46: =F46*G46 -> 420.17 | K46: 22.72
B47: 6.2 | C47: 5928 | D47: GUINDAUTO HIDRÁULICO, CAPACIDADE MÁXIMA DE CARGA 6200 KG, MOMENTO MÁXIMO DE CARGA 11,7 TM, ALCANCE MÁXIMO HORIZONTAL 9,70 M,INCLUSIVE CAMINHÃO TOCO PBT 16.000 KG,POTÊNCIA DE 189 CV - CHP DIURNO. AF_06/2014 | E47: CHP | F47: 0.3 | G47: 294.05 | H47: =F47*G47 -> 88.215
B48: 6.3 | C48: 88316 | D48: SERVENTE | E48: h | F48: 0.3 | G48: 24.83 | H48: =F48*G48 -> 7.449 | K48: =#REF! -> #REF!
B49: 6.4 | C49: 88264 | D49: ELETRICISTA | E49: h | F49: 0.3 | G49: 31.99 | H49: =F49*G49 -> 9.597 | K49: 45.51
D50: TOTAL | H50: =SUM(H46:H49) -> 525.431
B51: 7 | D51: RELÉ FOTOELÉTRICO 1000W - FORNECIMENTO E INSTALAÇÃO
B52: 7.1 | C52: 2510 | D52: RELÉ FOTOELÉTRICO INTERNO E EXTERNO BIVOLT 1000W, DE CONECTOR, SEM BASE | E52: UNID. | F52: 1 | G52: 35.46 | H52: =F52*G52 -> 35.46 | K52: =#REF! -> #REF!
B53: 7.2 | C53: 39380 | D53: BASE PARA RELE COM SUPORTE METALICO | E53: UNID. | F53: 2 | G53: 20.28 | H53: =F53*G53 -> 40.56 | K53: =#REF! -> #REF!
B54: 7.3 | C54: 5928 | D54: GUINDAUTO HIDRÁULICO, CAPACIDADE MÁXIMA DE CARGA 6200 KG, MOMENTO MÁXIMO DE CARGA 11,7 TM, ALCANCE MÁXIMO HORIZONTAL 9,70 M,INCLUSIVE CAMINHÃO TOCO PBT 16.000 KG,POTÊNCIA DE 189 CV - CHP DIURNO. AF_06/2014 | E54: CHP | F54: 0.02 | G54: 294.05 | H54: =F54*G54 -> 5.881 | K54: 25
B55: 7.5 | C55: 88264 | D55: ELETRICISTA | E55: h | F55: 0.5 | G55: 31.99 | H55: =F55*G55 -> 15.995 | K55: 1.65
D56: TOTAL | H56: =SUM(H52:H55) -> 97.896
B57: 8 | D57: CABO DE COBRE PP CORDPLAST 2x2,50mm2, 450/750V - FORNECIMENTO E INSTALAÇÃO
B58: 8.1 | C58: 34602 | D58: CABO DE COBRE, FLEXIVEL, CLASSE 4 OU 5, ISOLACAO EM PVC/A, ANTICHAMA BWF-B, 1 CONDUTOR, 450/750 V, SECAO NOMINAL 2,5 MM2 | E58: m | F58: 1 | G58: 2.31 | H58: =F58*G58 -> 2.31 | K58: =#REF! -> #REF!
B59: 8.2 | C59: 5928 | D59: GUINDAUTO HIDRÁULICO, CAPACIDADE MÁXIMA DE CARGA 6200 KG, MOMENTO MÁXIMO DE CARGA 11,7 TM, ALCANCE MÁXIMO HORIZONTAL 9,70 M,INCLUSIVE CAMINHÃO TOCO PBT 16.000 KG,POTÊNCIA DE 189 CV - CHP DIURNO. AF_06/2014 | E59: CHP | F59: 0.01 | G59: 294.05 | H59: =F59*G59 -> 2.9405
B60: 8.3 | C60: 88247 | D60: AUXILIAR DE ELETRICISTA | E60: h | F60: 0.02 | G60: 26.69 | H60: =F60*G60 -> 0.5338 | K60: =#REF! -> #REF!
B61: 8.4 | C61: 88264 | D61: ELETRICISTA | E61: h | F61: 0.07 | G61: 31.99 | H61: =F61*G61 -> 2.2393 | K61: 45.51
D62: TOTAL | H62: =SUM(H58:H61) -> 8.0236
B63: 9 | D63: POSTE DE FERRO GALVANIZADO CÔNICO DE 9m - FORNECIMENTO E INSTALAÇÃO
B64: 9.1 | C64: 14163 | D64: POSTE CÔNICO CONTÍNUO EM AÇO GALVANIZADO, CURVO, BRAÇO DUPLO, FLANGEADO, H=9m DIÂMETRO INFERIOR=135mm | E64: UNID. | F64: 1 | G64: 2483.98 | H64: =F64*G64 -> 2483.98 | K64: =#REF! -> #REF!
B65: 9.2 | C65: 1523 | D65: CONCRETO USINADO CONVENCIONAL (NÃO BOMBEÁVEL) CLASSE DE RESISTÊNCIA C15, COM BRITA 1 E 2, SLUMP=80mm +- 10mm (NBR 8953) | E65: UNID. | F65: 2 | G65: 515.8 | H65: =F65*G65 -> 1031.6 | K65: =#REF! -> #REF!
B66: 9.3 | C66: 5928 | D66: GUINDAUTO HIDRÁULICO, CAPACIDADE MÁXIMA DE CARGA 6200 KG, MOMENTO MÁXIMO DE CARGA 11,7 TM, ALCANCE MÁXIMO HORIZONTAL 9,70 M,INCLUSIVE CAMINHÃO TOCO PBT 16.000 KG,POTÊNCIA DE 189 CV - CHP DIURNO. AF_06/2014 | E66: CHP | F66: 1 | G66: 294.05 | H66: =F66*G66 -> 294.05 | K66: 25
C67: 88309 | D67: PEDREIRO | E67: h | F67: 2 | G67: 29.88 | H67: =F67*G67 -> 59.76
B68: 9.4 | C68: 88316 | D68: SERVENTE | E68: h | F68: 2 | G68: 24.83 | H68: =F68*G68 -> 49.66 | K68: 1.65
D69: TOTAL | H69: =SUM(H64:H68) -> 3919.05
B70: 10 | D70: ALÇA PREFORMADA DE DISTRIBUIÇÃO, EM AÇO GALVANIZADO, AWG 1 - FORNECIMENTO E INSTALAÇÃO
B71: 10.1 | C71: 11273 | D71: ALÇA PREFORMADA DE DISTRIBUIÇÃO, EM AÇO GALVANIZADO, PARA CONDUTORES DE ALUMÍNIO AWG 1/0 (CAA 6/1 OU CA 7 FIOS) | E71: unid | F71: 1 | G71: 9.58 | H71: =F71*G71 -> 9.58 | K71: =#REF! -> #REF!
B72: 10.2 | C72: 5928 | D72: GUINDAUTO HIDRÁULICO, CAPACIDADE MÁXIMA DE CARGA 6200 KG, MOMENTO MÁXIMO DE CARGA 11,7 TM, ALCANCE MÁXIMO HORIZONTAL 9,70 M,INCLUSIVE CAMINHÃO TOCO PBT 16.000 KG,POTÊNCIA DE 189 CV - CHP DIURNO. AF_06/2014 | E72: CHP | F72: 0.01 | G72: 294.05 | H72: =F72*G72 -> 2.9405
B73: 10.3 | C73: 88247 | D73: AUXILIAR DE ELETRICISTA | E73: h | F73: 0.02 | G73: 26.69 | H73: =F73*G73 -> 0.5338 | K73: =#REF! -> #REF!
B74: 10.4 | C74: 88264 | D74: ELETRICISTA | E74: h | F74: 0.16 | G74: 31.99 | H74: =F74*G74 -> 5.1184 | K74: 45.51
D75: TOTAL | H75: =SUM(H71:H74) -> 18.1727
B76: 11 | D76: CABO DE ALUMÍNIO 2X16mm2 MULTIPLEXADO - FORNECIMENTO E INSTALAÇÃO
B77: 11.1 | C77: 995 | D77: CABO DE COBRE FLEXÍVEL, CLASSE 4 OU 5, ISOLAÇÃO EM PVC/A, ANTICHAMA BWF-B, COBERTURA PVC ST1, ANTICHAMA BWF-B, 1 CONDUTOR, 0,6/1KV, SEÇÃO NOMINAL 16mm2 | E77: m | F77: 1 | G77: 16.02 | H77: =F77*G77 -> 16.02 | K77: =#REF! -> #REF!
B78: 11.2 | C78: 5928 | D78: GUINDAUTO HIDRÁULICO, CAPACIDADE MÁXIMA DE CARGA 6200 KG, MOMENTO MÁXIMO DE CARGA 11,7 TM, ALCANCE MÁXIMO HORIZONTAL 9,70 M,INCLUSIVE CAMINHÃO TOCO PBT 16.000 KG,POTÊNCIA DE 189 CV - CHP DIURNO. AF_06/2014 | E78: CHP | F78: 0.01 | G78: 294.05 | H78: =F78*G78 -> 2.9405
B79: 11.3 | C79: 88247 | D79: AUXILIAR DE ELETRICISTA | E79: h | F79: 0.2 | G79: 26.69 | H79: =F79*G79 -> 5.338 | K79: =#REF! -> #REF!
B80: 11.4 | C80: 88264 | D80: ELETRICISTA | E80: h | F80: 0.2 | G80: 31.99 | H80: =F80*G80 -> 6.398 | K80: 45.51
D81: TOTAL | H81: =SUM(H77:H80) -> 30.6965
B82: 12 | D82: CAIXA DE COMANDO - FORNECIMENTO E INSTALAÇÃO
B83: 12.1 | C83: 11256 | D83: CAIXA DE PASSAGEM/LUZ/TELEFONIA, DE SOBREPOR, EM CHAPA DE AÇO GALVANIZADO, DIMENSÕES 80X80X12 CM (PADRÃO CONCESSIONÁRIA LOCAL) | E83: unid | F83: 1 | G83: 439.31 | H83: =F83*G83 -> 439.31 | K83: =#REF! -> #REF!
B84: 12.2 | C84: 5928 | D84: GUINDAUTO HIDRÁULICO, CAPACIDADE MÁXIMA DE CARGA 6200 KG, MOMENTO MÁXIMO DE CARGA 11,7 TM, ALCANCE MÁXIMO HORIZONTAL 9,70 M,INCLUSIVE CAMINHÃO TOCO PBT 16.000 KG,POTÊNCIA DE 189 CV - CHP DIURNO. AF_06/2014 | E84: CHP | F84: 0.15 | G84: 294.05 | H84: =F84*G84 -> 44.1075
B85: 12.3 | C85: 88247 | D85: AUXILIAR DE ELETRICISTA | E85: h | F85: 1.5 | G85: 26.69 | H85: =F85*G85 -> 40.035 | K85: =#REF! -> #REF!
B86: 12.4 | C86: 88264 | D86: ELETRICISTA | E86: h | F86: 2 | G86: 31.99 | H86: =F86*G86 -> 63.98 | K86: 45.51
D87: TOTAL | H87: =SUM(H83:H86) -> 587.4325
B88: 13 | D88: DISPOSITIVO/RELÉ DE TELEGESTÃO PARA CONTROLE REMOTO DE LUMINÁRIAS DE ILUMINAÇÃO PÚNLICA
B89: 13.1 | C89: PNCP | D89: DISPOSITIVO/RELÉ DE TELEGESTÃO PARA CONTROLE REMOTO DE LUMINÁRIAS DE ILUMINAÇÃO PÚBLICA, COM COORDENADORES/GATEWAYS INCLUSOS, HOMOLOGADO PELA ANATEL - REFERÊNCIA MUNICÍPIO DE CARPINA/PE, PREGÃO ELETRÔNICO Nº 032/2025, PROCESSO LICITATÓRIO Nº 085/2025, ITEM 10.2, COMP. PRÓPRIA 33 - R$580,00/UNIDADE. Eletrônico nº 032/2025, processo licitatório nº 085/2025, item 10.2 | E89: unid | F89: 1 | G89: 580 | H89: =F89*G89 -> 580 | K89: =#REF! -> #REF!
B90: 13.2 | C90: 5928 | D90: GUINDAUTO HIDRÁULICO, CAPACIDADE MÁXIMA DE CARGA 6200 KG, MOMENTO MÁXIMO DE CARGA 11,7 TM, ALCANCE MÁXIMO HORIZONTAL 9,70 M,INCLUSIVE CAMINHÃO TOCO PBT 16.000 KG,POTÊNCIA DE 189 CV - CHP DIURNO. AF_06/2014 | E90: CHP | F90: 0.12 | G90: 294.05 | H90: =F90*G90 -> 35.286
B91: 13.3 | C91: 88247 | D91: AUXILIAR DE ELETRICISTA | E91: h | F91: 0.1 | G91: 26.69 | H91: =F91*G91 -> 2.669 | K91: =#REF! -> #REF!
B92: 13.4 | C92: 88264 | D92: ELETRICISTA | E92: h | F92: 0.1 | G92: 31.99 | H92: =F92*G92 -> 3.199 | K92: 45.51
D93: TOTAL | H93: =SUM(H89:H92) -> 621.154
B94: 14 | D94: LUMINÁRIA LED SOLAR INTEGRADA PARA POSTE, COM SUPORTE PARA FIXAÇÃO - FORNECIMENTO E INSTALAÇÃO
B95: 14.1 | C95: P.15000.034200/CPOS | D95: LUMINÁRIA LED SOLAR INTEGRADA PARA POSOTE, COM SUPORTE PARA FIXAÇÃO, RED. LINHA SAHY CLS-UF80 DA CONEXLED, ATLAS ALL IN ONE 80W DA FOTOVOLT, EIF-80W DA LIGHTSOLAR OU EQUIVALENTE | E95: unid | F95: 1 | G95: 7605.68 | H95: =F95*G95 -> 7605.68 | K95: =#REF! -> #REF!
B96: 14.2 | C96: 88316 | D96: SERVENTE | E96: h | F96: 0.3 | G96: 24.83 | H96: =F96*G96 -> 7.449
B97: 14.3 | C97: 88264 | D97: ELETRICISTA | E97: h | F97: 0.3 | G97: 31.99 | H97: =F97*G97 -> 9.597 | K97: =#REF! -> #REF!
B98: 14.4 | C98: 5928 | D98: GUINDAUTO HIDRÁULICO, CAPACIDADE MÁXIMA DE CARGA 6200 KG, MOMENTO MÁXIMO DE CARGA 11,7 TM, ALCANCE MÁXIMO HORIZONTAL 9,70 M,INCLUSIVE CAMINHÃO TOCO PBT 16.000 KG,POTÊNCIA DE 189 CV - CHP DIURNO. AF_06/2014 | E98: CHP | F98: 0.3 | G98: 294.05 | H98: =F98*G98 -> 88.215 | K98: 45.51
D99: TOTAL | H99: =SUM(H95:H98) -> 7710.941
B100: 15 | D100: POSTE DE CONCRETO ARMADO DE SEÇÃO DUPLO T, EXTENSÃO DE 9,00m, RESISTÊNCIA DE 150 DAN - FORNECIMENTO E INSTALAÇÃO
B101: 15.1 | C101: 41196 | D101: POSTE DE CONCRETO ARMADO DE SEÇÃO DUPLO T, EXTENSÃO DE 9,00m, RESISTÊNCIA DE 150 DAN - FORNECIMENTO E INSTALAÇÃO | E101: unid | F101: 1 | G101: 822.57 | H101: =F101*G101 -> 822.57 | K101: =#REF! -> #REF!
B102: 15.2 | C102: 124/ORSE | D102: CONCRETO SIMPLES FABRICADO NA OBRA. FCK=13,5 Mpa (b1/b2), SEM LANÇAMENTO E ADENSAMENTO | E102: M3 | F102: 0.25 | G102: 548.8 | H102: =F102*G102 -> 137.2
...

Sheet CRONOGRAMA (em construção)
B1: CRONOGRAMA FÍSICO-FINANCEIRO
B2: Hospital Santa Teresa - Pelotas/RS
B3: Fundação de Apoio à Universidade
D4: ETAPAS DE 30 DIAS (Mensais)
A5: COD. | B5: DISCRIMINAÇÃO | C5: PREÇO | D5: Etapa 01 | E5: Etapa 02 | F5: Etapa 03 | G5: Etapa 04 | H5: Etapa 05 | I5: Etapa 06 | J5: Etapa 07 | K5: Etapa 08
A7: 1 | B7: SERVIÇOS INICIAIS | C7: #N/A | D7: =$C7 -> #N/A
D8: =D7/$C7 -> #N/A
A9: 2 | B9: INSTALAÇÃO DE CANTEIRO DE OBRA | C9: #N/A | D9: =$C9*8/10 -> #N/A | E9: =$C9*2/10 -> #N/A
D10: =D9/$C9 -> #N/A | E10: =E9/$C9 -> #N/A
A11: 3 | B11: MOVIMENTO DE TERRA | C11: #N/A | D11: =$C11*9/10 -> #N/A | E11: =$C11*1/10 -> #N/A
D12: =D11/$C11 -> #N/A | E12: =E11/$C11 -> #N/A
A13: 4 | B13: INFRA-ESTRUTURA | C13: #N/A | E13: =$C13*9/10 -> #N/A | F13: =$C13*1/10 -> #N/A
E14: =E13/$C13 -> #N/A | F14: =F13/$C13 -> #N/A
A15: 5 | B15: SUPRA-ESTRUTURA | C15: #N/A | F15: =$C15*5/10 -> #N/A | G15: =$C15*4.5/10 -> #N/A | H15: =$C15*0.5/10 -> #N/A
F16: =F15/$C15 -> #N/A | G16: =G15/$C15 -> #N/A | H16: =H15/$C15 -> #N/A
A17: 6 | B17: PAREDES E PAINÉIS | C17: #N/A | G17: =$C17*5/10 -> #N/A | H17: =$C17*3.5/10 -> #N/A | I17: =$C17*0.5/10 -> #N/A | J17: =$C17*1/10 -> #N/A
G18: =G17/$C17 -> #N/A | H18: =H17/$C17 -> #N/A | I18: =I17/$C17 -> #N/A | J18: =J17/$C17 -> #N/A
A19: 7 | B19: REVESTIMENTOS | C19: #N/A | G19: =$C19*0.5/10 -> #N/A | H19: =$C19*6/10 -> #N/A | I19: =$C19*3/10 -> #N/A | J19: =$C19*0.5/10 -> #N/A
G20: =G19/$C19 -> #N/A | H20: =H19/$C19 -> #N/A | I20: =I19/$C19 -> #N/A | J20: =J19/$C19 -> #N/A
A21: 8 | B21: COBERTURA | C21: #N/A | H21: =$C21*4/10 -> #N/A | I21: =$C21*6/10 -> #N/A
H22: =H21/$C21 -> #N/A | I22: =I21/$C21 -> #N/A
A23: 9 | B23: IMPERMEABILIZAÇÕES | C23: #N/A | F23: =$C23*5/10 -> #N/A | G23: =$C23*2.5/10 -> #N/A | H23: =$C23*2/10 -> #N/A | I23: =$C23*0.5/10 -> #N/A
F24: =F23/$C23 -> #N/A | G24: =G23/$C23 -> #N/A | H24: =H23/$C23 -> #N/A | I24: =I23/$C23 -> #N/A
A25: 10 | B25: FORROS | C25: #N/A | H25: =$C25*2/10 -> #N/A | I25: =$C25*7/10 -> #N/A | J25: =$C25*1/10 -> #N/A
H26: =H25/$C25 -> #N/A | I26: =I25/$C25 -> #N/A | J26: =J25/$C25 -> #N/A
A27: 11 | B27: ESQUADRIAS E VIDROS | C27: #N/A | I27: =$C27*7/10 -> #N/A | J27: =$C27*3/10 -> #N/A
I28: =I27/$C27 -> #N/A | J28: =J27/$C27 -> #N/A
A29: 12 | B29: PISOS | C29: #N/A | H29: =$C29*2.5/10 -> #N/A | I29: =$C29*5/10 -> #N/A | J29: =$C29*2.5/10 -> #N/A
H30: =H29/$C29 -> #N/A | I30: =I29/$C29 -> #N/A | J30: =J29/$C29 -> #N/A
A31: 13 | B31: INSTALAÇÕES HIDROSSANITÁRIAS | C31: #N/A | F31: =$C31*1.5/10 -> #N/A | G31: =$C31*1.5/10 -> #N/A | H31: =$C31*2.5/10 -> #N/A | I31: =$C31*3/10 -> #N/A | J31: =$C31*1.5/10 -> #N/A
F32: =F31/$C31 -> #N/A | G32: =G31/$C31 -> #N/A | H32: =H31/$C31 -> #N/A | I32: =I31/$C31 -> #N/A | J32: =J31/$C31 -> #N/A
A33: 14 | B33: LOUÇAS, EQUIPAMENTOS E ACESSÓRIOS | C33: #N/A | J33: =$C33*3/10 -> #N/A | K33: =$C33*7/10 -> #N/A
J34: =J33/$C33 -> #N/A | K34: =K33/$C33 -> #N/A
A35: 15 | B35: INSTALAÇÕES ELÉTRICAS | C35: #N/A | G35: =$C35*0.5/10 -> #N/A | H35: =$C35*4.5/10 -> #N/A | I35: =$C35*4.5/10 -> #N/A | J35: =$C35*0.5/10 -> #N/A
G36: =G35/$C35 -> #N/A | H36: =H35/$C35 -> #N/A | I36: =I35/$C35 -> #N/A | J36: =J35/$C35 -> #N/A
A37: 16 | B37: SISTEMA DE CLIMATIZAÇÃO E VENTILAÇÃO | C37: #N/A | J37: =$C37*0.15/10 -> #N/A | K37: =$C37*9.85/10 -> #N/A
J38: =J37/$C37 -> #N/A | K38: =K37/$C37 -> #N/A
A39: 17 | B39: INSTALAÇÕES ESPECIAIS | C39: #N/A | G39: =$C39*3/10 -> #N/A | H39: =$C39*4/10 -> #N/A | I39: =$C39*3/10 -> #N/A
G40: =G39/$C39 -> #N/A | H40: =H39/$C39 -> #N/A | I40: =I39/$C39 -> #N/A
A41: 18 | B41: PINTURA | C41: #N/A | J41: =$C41*4/10 -> #N/A | K41: =$C41*6/10 -> #N/A
J42: =J41/$C41 -> #N/A | K42: =K41/$C41 -> #N/A
A43: 19 | B43: ÁREA EXTERNA E SERVIÇOS COMPLEMENTARES | C43: #N/A | J43: =$C43*6/10 -> #N/A | K43: =$C43*4/10 -> #N/A
J44: =J43/$C43 -> #N/A | K44: =K43/$C43 -> #N/A
A45: 20 | B45: ENTREGA DA OBRA | C45: #N/A | K45: =$C45 -> #N/A
K46: =K45/$C45 -> #N/A
B48: PREÇO GLOBAL (R$) | C48: =SUM(C7:C46) -> #N/A | D48: =SUM(D7,D9,D11,D13,D15,D17,D19,D21,D23,D25,D27,D29,D31,D33,D35,D37,D39,D41,D43,D45) -> #N/A | E48: =SUM(E7,E9,E11,E13,E15,E17,E19,E21,E23,E25,E27,E29,E31,E33,E35,E37,E39,E41,E43,E45) -> #N/A | F48: =SUM(F7,F9,F11,F13,F15,F17,F19,F21,F23,F25,F27,F29,F31,F33,F35,F37,F39,F41,F43,F45) -> #N/A | G48: =SUM(G7,G9,G11,G13,G15,G17,G19,G21,G23,G25,G27,G29,G31,G33,G35,G37,G39,G41,G43,G45) -> #N/A | H48: =SUM(H7,H9,H11,H13,H15,H17,H19,H21,H23,H25,H27,H29,H31,H33,H35,H37,H39,H41,H43,H45) -> #N/A | I48: =SUM(I7,I9,I11,I13,I15,I17,I19,I21,I23,I25,I27,I29,I31,I33,I35,I37,I39,I41,I43,I45) -> #N/A | J48: =SUM(J7,J9,J11,J13,J15,J17,J19,J21,J23,J25,J27,J29,J31,J33,J35,J37,J39,J41,J43,J45) -> #N/A | K48: =SUM(K7,K9,K11,K13,K15,K17,K19,K21,K23,K25,K27,K29,K31,K33,K35,K37,K39,K41,K43,K45) -> #N/A
B50: PERCENTAGENS (%) | C50: =SUM(D48:K48)/$C$48 -> #N/A | D50: =D$48/$C$48 -> #N/A | E50: =E$48/$C$48 -> #N/A | F50: =F$48/$C$48 -> #N/A | G50: =G$48/$C$48 -> #N/A | H50: =H$48/$C$48 -> #N/A | I50: =I$48/$C$48 -> #N/A | J50: =J$48/$C$48 -> #N/A | K50: =K$48/$C$48 -> #N/A
